Map: Ever Dream LE

Players

urumikanzaki - Winner!

  • Race: Zerg Zerg
  • League: Silver
  • Spawn Location: 1:00

tiktaktouk

  • Race: Protoss Protoss
  • League: Silver
  • Spawn Location: 7:00

VOD

Have the link to the VOD?

Description

Time

  • Played on: May 16, 2020, 3:08 a.m.
  • Length: 14:13
Show
View Real Time Build Order
Export as new Build Order

urumikanzaki Zerg - Winner!

Build Orders: Hatch First 

Get SALT Encoding   

  12  0:01  Drone  
  13  0:13  Overlord  
  13  0:16  Drone  
  14  0:31  Drone x2  
  16  0:51  Hatchery  
  16  0:52  Drone  
  16  1:00  Drone x2  
  18  1:15  Spawning Pool  
  18  1:17  Extractor  
  16  1:19  Drone  
  16  1:23  Drone  
  18  1:40  Drone x2  
  20  1:56  Overlord  
  20  2:02  Queen  
  20  2:03  Queen  
  24  2:10  Zergling x4  
  26  2:16  Metabolic Boost  
  26  2:36  Drone x6  
  32  2:47  Overlord  
  32  3:09  Hatchery  
  30  3:19  Evolution Chamber  
  29  3:21  Evolution Chamber  
  29  3:24  Drone x3  
  29  3:25  Drone x2  
  29  3:26  Drone x3  
  36  3:32  Queen  
  38  3:53  Zerg Missile Weapons Level 1  
  38  4:01  Roach Warren  
  37  4:06  Drone x3  
  37  4:08  Queen  
  42  4:11  Drone  
  42  4:14  Overlord x4  
  43  4:42  Spore Crawler  
  43  4:43  Spore Crawler  
  40  4:46  Spore Crawler  
  40  4:48  Spore Crawler  
  38  4:57  Drone  
  38  4:58  Drone x2  
  41  5:01  Lair  
  41  5:04  Queen  
  43  5:17  Drone  
  43  5:18  Drone  
  45  5:21  Extractor  
  45  5:22  Drone x3  
  45  5:23  Extractor, Drone x2  
  45  5:24  Drone  
  45  5:26  Drone  
  45  5:27  Drone x3  
  53  6:02  Hydralisk Den  
  53  6:03  Drone  
  53  6:14  Drone x4  
  53  6:15  Drone x12  
  69  6:19  Hatchery  
  69  6:20  Overlord x2  
  68  6:27  Hatchery  
  67  6:47  Roach x2  
  67  6:48  Roach x3  
  77  7:05  Extractor  
  77  7:07  Drone x3  
  79  7:08  Extractor, Drone x2  
  79  7:09  Drone  
  79  7:10  Overlord x2  
  79  7:11  Overlord  
  81  7:25  Infestation Pit  
  81  7:26  Grooved Spines  
  81  7:27  Hydralisk x2  
  81  7:28  Hydralisk x6  
  96  7:46  Queen  
  96  7:50  Drone x3  
  101  7:58  Extractor  
  100  7:59  Drone x3  
  100  8:00  Drone x3  
  106  8:06  Extractor  
  106  8:09  Hive  
  106  8:12  Zerg Missile Weapons Level 2  
  105  8:13  Zerg Ground Armor Level 1  
  105  8:16  Overlord x3  
  105  8:18  Roach x3, Hydralisk x3  
  117  8:37  Muscular Augments  
  117  8:45  Hydralisk  
  117  8:46  Hydralisk x7  
  133  8:49  Zergling x2  
  133  8:50  Zergling x16  
  142  9:09  Drone  
  147  9:10  Drone x7  
  147  9:11  Overlord x2  
  147  9:12  Overlord x2  
  147  9:15  Overlord  
  150  9:50  Pneumatized Carapace  
  150  9:53  Hydralisk x20  
  150  9:56  Overlord x2  
  190  10:12  Lurker Den  
  189  10:49  Hatchery  
  188  10:58  Roach x6, Hatchery  
  199  11:14  Hatchery  
  195  11:29  Zerg Missile Weapons Level 3, Zerg Ground Armor Level 2  
  188  11:41  Hydralisk x6  
  183  11:59  Hydralisk x16  
  183  12:00  Hydralisk x2  
  191  12:18  Hydralisk  
  191  12:19  Hydralisk x3  
  189  12:33  Hydralisk x5  
  191  12:50  Hydralisk x7  
  191  12:51  Hydralisk  
  175  13:06  Hydralisk x13  
  185  13:34  Hydralisk  
  185  13:35  Hydralisk x7  
Show
View Real Time Build Order
Export as new Build Order

tiktaktouk Protoss 

Build Orders: Oracle Opening 

Get SALT Encoding   

  12  0:02  Probe  
  13  0:15  Probe  
  14  0:24  Pylon  
  14  0:27  Probe  
  15  0:42  Probe  
  16  0:45  Gateway  
  16  0:56  Gateway  
  16  0:58  Probe  
  17  1:10  Probe  
  18  1:13  Forge  
  18  1:20  Assimilator  
  18  1:22  Probe  
  19  1:26  Assimilator  
  19  1:34  Probe  
  19  1:35  Pylon  
  20  1:47  Cybernetics Core  
  20  1:58  Probe  
  21  2:07  Photon Cannon  
  21  2:10  Probe  
  22  2:20  Photon Cannon  
  22  2:22  Probe  
  23  2:27  Pylon  
  23  2:32  Stalker  
  25  2:40  Stalker  
  27  2:53  Stargate  
  27  3:02  Robotics Facility  
  27  3:18  Stalker x2  
  31  3:32  Pylon  
  31  3:41  Pylon  
  31  3:44  Oracle  
  34  3:56  Warp Prism  
  36  4:04  Adept  
  36  4:07  Adept  
  40  4:32  Observer  
  41  4:52  Oracle  
  44  4:58  Immortal  
  48  5:17  Warp Gate  
  48  5:24  Nexus  
  48  5:28  Pylon  
  48  5:30  Pylon  
  48  5:32  Pylon  
  48  5:36  Assimilator  
  48  5:39  Assimilator  
  48  5:56  Void Ray  
  52  6:09  Stargate  
  52  6:16  Shield Battery  
  52  6:19  Shield Battery  
  52  6:23  Pylon  
  52  6:27  Probe  
  53  6:39  Probe  
  54  6:51  Probe  
  55  7:00  Probe (Chrono Boost)  
  56  7:04  Probe (Chrono Boost)  
  57  7:13  Probe (Chrono Boost)  
  57  7:14  Void Ray  
  63  7:16  Probe (Chrono Boost)  
  63  7:20  Probe (Chrono Boost)  
  63  7:21  Probe (Chrono Boost)  
  65  7:27  Probe  
  66  7:30  Probe  
  66  7:33  Protoss Air Weapons Level 1 (Chrono Boost)  
  64  7:39  Probe  
  64  7:42  Probe  
  66  8:00  Void Ray x2  
  74  8:10  Probe x2  
  76  8:21  Fleet Beacon  
  76  8:29  Immortal (Chrono Boost)  
  80  8:43  Void Ray  
  84  9:13  Carrier  
  84  9:14  Pylon  
  84  9:16  Pylon  
  90  9:19  Pylon  
  90  9:21  Pylon, Unknown  
  90  9:22  Protoss Ground Weapons Level 1 (Chrono Boost)  
  90  9:33  Protoss Air Armor Level 1 (Chrono Boost)  
  90  10:06  Nexus  
  90  10:08  Pylon  
  90  10:09  Pylon  
  90  10:12  Pylon  
  90  10:14  Pylon  
  90  10:16  Pylon  
  90  10:17  Assimilator, Stalker  
  90  10:18  Stalker  
  94  10:21  Assimilator  
  94  10:31  Shield Battery  
  94  10:33  Shield Battery  
  94  10:35  Shield Battery  
  94  10:36  Photon Cannon  
  94  10:38  Photon Cannon  
  94  10:46  Probe  
  94  10:47  Probe  
  96  10:59  Probe x2  
  98  11:11  Probe x2  
  100  11:23  Probe  
  100  11:24  Protoss Ground Armor Level 1  
  86  11:54  Carrier x2 (Chrono Boost)  
  60  12:44  Carrier (Chrono Boost)  
  60  12:48  Carrier (Chrono Boost)  
Tags
 
Add a new tag
Caveats
  • Supply blocks, unpowered buildings, or Contaminate may cause inaccurate times.
  • Supply counts are checked every 10 seconds.